 Dungeon Crawl Stone Soup version 0.26-a0-1147-g3780a7a11b (webtiles) character file.

Game seed: 11729861445363273719

12149 night the Frost Mage (level 11, -3/83 HPs)
             Began as a Demonspawn Ice Elementalist on Dec 22, 2020.
             Was an Initiate of Gozag.
             Killed from afar by Fannar (52 damage)
             ... with a bolt of cold
             ... on level 1 of the Lair of Beasts.
             The game lasted 00:53:15 (15554 turns).

night the Frost Mage (Demonspawn Ice Elementalist) Turns: 15554, Time: 00:53:15

Health: -3/83      AC: 13    Str:  9    XL:     11   Next: 58%
Magic:  16/25      EV: 12    Int: 20    God:    Gozag
Gold:   1124       SH:  0    Dex: 15    Spells: 19/30 levels left

rFire    + . .     SeeInvis .     - Unarmed
rCold    x . .     Faith    .   (no shield)
rNeg     . . .     Spirit   .   m - +1 robe {Archmagi}
rPois    .         Reflect  .   H - +1 helmet
rElec    .         Harm     .   z - +0 cloak
rCorr    .         Rampage  .   e - +0 pair of gloves
Will     .....                  (no boots)
Stlth    ++........             E - amulet of regeneration
HPRegen  0.63/turn              h - ring of fire
MPRegen  0.19/turn              (no ring)

@: sanguine armour, very slightly contaminated
A: claws 2, agile 1, powered by death 2, miasma immunity, MP-powered wands,
sanguine armour 1
a: Renounce Religion, Potion Petition, Call Merchant, Bribe Branch


You were on level 1 of the Lair of Beasts.
You worshipped Gozag.
Gozag was most pleased with you.
You visited 2 branches of the dungeon, and saw 12 of its levels.

You collected 2692 gold pieces.
You paid 1568 gold pieces to Gozag.

Inventory:

Hand Weapons
 b - a +4 fustibalus of freezing
 y - a +2 vorpal flail
 D - a +2 rapier of draining
Missiles
 g - 5 javelins
 p - 135 bolts
 q - 122 sling bullets
 s - 17 boomerangs (quivered)
 t - 252 arrows
 w - 76 poisoned darts
 B - 301 stones
 N - 5 atropa-tipped darts
Armour
 e - a +0 pair of gloves (worn)
 l - a +0 ring mail of cold resistance
 m - a +1 robe of the Archmagi (worn)
 u - the +2 scale mail of the Bells {rPois rF+ Dex+3}
   (You found it on level 8 of the Dungeon)

   It affects your dexterity (+3).
   It protects you from fire.
   It protects you from poison.
 z - a +0 cloak (worn)
 C - a +0 robe of positive energy
 H - a +1 helmet (worn)
Jewellery
 h - a ring of fire (left hand)
 E - an amulet of regeneration (around neck)
 I - a +6 ring of dexterity
Wands
 J - a wand of paralysis (6)
 Q - a wand of acid (3)
Scrolls
 i - 5 scrolls of remove curse
 j - 6 scrolls of teleportation
 r - 4 scrolls of amnesia
 v - 3 scrolls of identify
 K - a scroll of enchant armour
 L - a scroll of magic mapping
 M - a scroll of silence
 O - a scroll of blinking
Potions
 a - 3 potions of heal wounds
 c - a potion of lignification
 f - a potion of cancellation
 k - 4 potions of attraction
 n - 8 potions of curing
 o - 2 potions of brilliance
 A - 2 potions of haste
 F - a potion of invisibility
 G - a potion of magic {unknown}
 P - a potion of might {unknown}
Miscellaneous
 d - a phantom mirror


   Skills:
 + Level 6.9 Fighting
 - Level 1.7 Dodging
 - Level 1.7 Stealth
 + Level 6.3 Unarmed Combat
 + Level 10.3 Spellcasting
 - Level 2.0 Summonings
 + Level 10.7 Ice Magic


You had 19 spell levels left.
You knew the following spells:

 Your Spells              Type           Power        Failure   Level
a - Freeze                Ice            100%         1%          1
b - Frozen Ramparts       Ice            100%         1%          3
c - Ozocubu's Armour      Ice            69%          1%          3
d - Summon Ice Beast      Ice/Summ       52%          4%          4

Your spell library contained the following spells:

 Spells                   Type           Power        Failure   Level
 Ensorcelled Hibernation  Hex/Ice        94%          1%          2
 Beastly Appendage        Tmut           30%          7%          1
 Corona                   Hex            16%          7%          1
 Hailstorm                Conj/Ice       47%          8%          4
 Ice Form                 Ice/Tmut       47%          8%          4
 Wereblood                Tmut           15%          10%         2
 Confusing Touch          Hex            15%          21%         3
 Dazzling Flash           Conj/Hex       30%          21%         3
 Spider Form              Tmut/Pois      7%           21%         3
 Tukima's Dance           Hex            15%          21%         3
 Blade Hands              Tmut           7%           88%         5


Dungeon Overview and Level Annotations

Branches:
Dungeon (11/15)            Temple (0/1) D:6            Lair (1/6) D:10
    Orc (0/2) D:11

Altars:
Ashenzari
Cheibriados
Dithmenos
Gozag
Makhleb
Okawaru
Ru
Trog
Wu Jian
Xom

Shops:
D:6 *

Annotations:
D:8 2 transporters, bmj180's ghost, novice DrCj
Lair:1 exclusion: 3 oklob plants, Fannar


Innate Abilities, Weirdness & Mutations

You have very sharp fingernails.
You regenerate health from kills.
You are immune to miasma.
When seriously injured, your bleeding wounds create armour. (AC +6)
You are agile. (Dex +2)
You expend magic power (3 MP) to strengthen your wands.


Message History

The bolt of acid hits the nameless horror!
The nameless horror is splashed with acid!
You destroy the nameless horror!
That felt strangely unrewarding.
Your ice beast disappears in a puff of smoke!
Fannar hits you with a +0 quarterstaff of freezing!
Your blood congeals into armour.
Fannar freezes you.
Your ice beast hits Fannar.
Your ice beast freezes Fannar.
Fannar resists.
Evoke which item? (* to show all) (? for menu, Esc to quit)
Aiming: Corrosive Bolt
Press: ? - help, Shift-Dir - straight line, f/p - Fannar
Aim: Fannar, wielding a +0 quarterstaff of freezing, wearing a +2 robe of cold resistance and wearing an uncursed ring of ice (lightly wounded, covered in an icy film, 47% to evade)
You feel a surge of power!
The bolt of acid hits Fannar!
Fannar is splashed with acid.
Fannar is moderately wounded.
Fannar points at you and mumbles some strange words.
The bolt of cold hits you!!!
You feel a terrible chill!
Ouch! That really hurt!
You die...
Your body crumbles into a pile of gold.

#..#..)....#....##.
####..#.#..##....## #
$..P..............###.#
PP/....................
$$P$.P...<...............
(......................
$...P...................
####.#.#.##............
..#...ยง@#.....##+#...
#..#...Ye#.....# .
#...?..........#
#..P....(......#
..#.....#.........
.....[.(+.........
..#..>..#.........
...####.#.....#[## ...
............


You could see Fannar (icy armour) and a friendly ice beast (summoned).

Vanquished Creatures
  Nergalle (D:10)
  Joseph (D:7)
  2 black mambas (Lair:1)
  A centaur skeleton (D:10)
  2 cane toads (D:10)
  A komodo dragon (D:11)
  Prince Ribbit (D:8)
  Grinder (D:5)
  A hornet (D:8)
  7 yaks
  Eustachio (D:5)
  Edmund (D:4)
  A water moccasin (D:10)
  4 orc warriors
  4 ogres
  An ice beast (D:11)
  4 phantoms
  3 sky beasts
  2 black bears
  4 wolves
  An eye of draining (D:11)
  3 centaurs
  A big kobold (D:10)
  A nameless horror (Lair:1)
  6 bullfrogs
  A water moccasin zombie (D:9)
  A scorpion (D:9)
  A water moccasin skeleton (D:6)
  4 killer bees (D:10)
  5 howler monkeys
  7 wights
  A centaur zombie (D:9)
  A bullfrog zombie (D:9)
  5 bullfrog skeletons
  6 hounds
  11 orc priests
  2 jellies
  11 orc wizards
  Jessica (D:2)
  7 iguanas
  6 worker ants
  A hound zombie (D:9)
  A hound skeleton (D:6)
  A howler monkey zombie (D:11)
  3 worker ant zombies
  8 gnolls (D:6)
  2 howler monkey skeletons
  10 adders
  2 white imps
  2 ufetubi
  2 adder skeletons
  3 worms
  An adder simulacrum (D:9)
  4 leopard geckos
  50 orcs
  2 ball pythons
  5 giant cockroaches
  4 hobgoblins
  9 jackals
  4 quokkas
  A ball python skeleton (D:6)
  A bat (D:2)
  6 frilled lizards
  11 goblins
  11 kobolds
  A leopard gecko skeleton (D:7)
  10 rats
280 creatures vanquished.

Vanquished Creatures (collateral kills)
  A hydra (D:11)
  Erica (D:8)
  The ghost of slayr the Cleaver, a novice DDFi of Makhleb (D:9)
  A cane toad (Lair:1)
  Sigmund (D:3)
  A wraith (D:10)
  3 yaks (Lair:1)
  Menkaure (D:4)
  An orc warrior (D:10)
  2 ogres (D:10)
  3 wolves (Lair:1)
  A centaur (D:9)
  A nameless horror (D:10)
  Blork the orc (D:5)
  An electric eel (Lair:1)
  6 wights
  A centaur zombie (D:9)
  A jelly (D:11)
  2 orc wizards
  An orc priest (D:11)
  9 orcs
40 creatures vanquished.

Vanquished Creatures (others)
  2 fungi (Lair:1)
  24 plants
26 creatures vanquished.

Grand Total: 346 creatures vanquished

Notes
Turn   | Place    | Note
-------+----------+-------------------------------------------
     0 | D:1      | night the Demonspawn Ice Elementalist began the quest for
                  | the Orb.
     0 | D:1      | Reached XP level 1. HP: 13/13 MP: 3/3
   463 | D:1      | Gained mutation: You have sharp fingernails. [demonic
                  | ancestry]
   463 | D:1      | Reached XP level 2. HP: 19/19 MP: 3/5
  1028 | D:2      | Found a shimmering altar of Xom.
  1141 | D:2      | Noticed Jessica
  1161 | D:2      | Killed Jessica
  1162 | D:2      | Reached XP level 3. HP: 21/24 MP: 4/7
  1187 | D:2      | Learned a level 3 spell: Frozen Ramparts
  1508 | D:2      | Found a shadowy altar of Dithmenos.
  1955 | D:3      | Reached XP level 4. HP: 30/30 MP: 4/8
  2000 | D:3      | Found a sacrificial altar of Ru.
  2454 | D:3      | HP: 1/30 [orc priest/divine providence (10)]
  2458 | D:3      | Reached skill level 5 in Ice Magic
  2458 | D:3      | Gained mutation: You regenerate a little health from kills.
                  | [demonic ancestry]
  2458 | D:3      | Reached XP level 5. HP: 23/35 MP: 6/11
  2619 | D:3      | Noticed a sky beast
  2627 | D:3      | Killed a sky beast
  2628 | D:3      | Reached XP level 6. HP: 33/41 MP: 5/12
  2684 | D:3      | Noticed Sigmund
  3381 | D:4      | Learned a level 3 spell: Ozocubu's Armour
  3386 | D:4      | Learned a level 4 spell: Summon Ice Beast
  3432 | D:4      | Noticed Menkaure
  3695 | D:4      | Reached skill level 5 in Spellcasting
  3747 | D:4      | Reached skill level 1 in Summonings
  3747 | D:4      | Gained mutation: You regenerate health from kills. [demonic
                  | ancestry]
  3747 | D:4      | Reached XP level 7. HP: 41/46 MP: 9/14
  3830 | D:4      | Noticed Edmund
  3848 | D:4      | Killed Edmund
  3849 | D:4      | Reached skill level 2 in Summonings
  4085 | D:5      | Entered Level 5 of the Dungeon
  4195 | D:5      | Found an iron altar of Okawaru.
  4346 | D:5      | Noticed Grinder
  4355 | D:5      | Paralysed by Grinder for 3 turns
  4392 | D:5      | Killed Grinder
  4393 | D:5      | Gained mutation: You are immune to miasma. [demonic
                  | ancestry]
  4393 | D:5      | Reached XP level 8. HP: 17/52 MP: 3/17
  4722 | D:5      | Noticed Blork the orc
  4735 | D:5      | Killed Blork the orc
  4805 | D:5      | Found an opulent altar of Gozag.
  4813 | D:5      | Became a worshipper of Gozag Ym Sagoz the Greedy
  4822 | D:5      | Noticed Eustachio
  4833 | D:5      | Killed Eustachio
  5524 | D:4      | Killed Menkaure
  5832 | D:3      | Gained mutation: You are agile. (Dex +2) [potion of
                  | mutation]
  5832 | D:3      | Gained mutation: You expend magic power (3 MP) to
                  | strengthen your wands. [potion of mutation]
  5855 | D:3      | Killed Sigmund
  6353 | D:6      | Found a staircase to the Ecumenical Temple.
  6426 | D:6      | Found Enuog's General Store.
  6748 | D:6      | Gained mutation: You have very sharp fingernails. [demonic
                  | ancestry]
  6748 | D:6      | Reached XP level 9. HP: 49/57 MP: 9/20
  8149 | D:7      | Found a sacrificial altar of Ru.
  8149 | D:7      | Found an ornate altar of the Wu Jian Council.
  8152 | D:7      | Noticed Joseph
  8162 | D:7      | Killed Joseph
  8163 | D:7      | Reached skill level 1 in Fighting
  8163 | D:7      | Reached skill level 1 in Unarmed Combat
  8378 | D:7      | Found a snail-covered altar of Cheibriados.
  8696 | D:8      | Reached skill level 2 in Fighting
  8712 | D:8      | Noticed Prince Ribbit
  8715 | D:8      | Killed Prince Ribbit
  8716 | D:8      | Reached skill level 2 in Unarmed Combat
  8747 | D:8      | Found a transporter.
  8751 | D:8      | Noticed a boulder beetle
  8751 | D:8      | Noticed bmj180's ghost (novice DrCj)
  8821 | D:8      | Got a faintly humming scale mail
  8831 | D:8      | Identified the +2 scale mail of the Bells {rPois rF+ Dex+3}
                  | (You found it on level 8 of the Dungeon)
  8983 | D:8      | Found a broken altar of Ashenzari.
  9054 | D:8      | Found a transporter.
  9626 | D:8      | Reached XP level 10. HP: 67/70 MP: 18/22
  9869 | D:8      | Noticed Erica
  9889 | D:8      | Killed Erica
 10132 | D:8      | Found a burning altar of Makhleb.
 10132 | D:8      | Noticed a blizzard demon
 10310 | D:9      | Found a runed translucent door.
 10310 | D:9      | Noticed slayr's ghost (novice DDFi)
 10338 | D:9      | Killed slayr's ghost
 10835 | D:9      | Noticed a moth of wrath
 10839 | D:9      | Found a bloodstained altar of Trog.
 11435 | D:10     | Entered Level 10 of the Dungeon
 11870 | D:10     | Reached skill level 5 in Fighting
 12069 | D:10     | Found a staircase to the Lair.
 12122 | D:10     | Noticed Nergalle
 12143 | D:10     | Killed Nergalle
 12144 | D:10     | Reached skill level 10 in Ice Magic
 12257 | D:10     | Reached skill level 5 in Unarmed Combat
 12862 | Lair:1   | Entered Level 1 of the Lair of Beasts
 12862 | Lair:1   | Noticed an oklob plant
 12862 | Lair:1   | Noticed an oklob plant
 12862 | Lair:1   | Noticed an oklob plant
 12862 | Lair:1   | Noticed a cane toad
 12867 | Lair:1   | Noticed a cane toad
 12867 | Lair:1   | Noticed a cane toad
 12868 | Lair:1   | Killed a cane toad
 12869 | Lair:1   | Gained mutation: When seriously injured, your bleeding
                  | wounds create armour. (AC +6) [demonic ancestry]
 12869 | Lair:1   | Reached XP level 11. HP: 81/81 MP: 11/24
 12957 | D:10     | HP: 12/81 [cane toad (15)]
 13192 | Lair:1   | Reached skill level 10 in Spellcasting
 13538 | Lair:1   | Noticed a seven-headed hydra
 14296 | D:11     | Found a staircase to the Orcish Mines.
 14793 | D:11     | Noticed a six-headed hydra
 14800 | D:11     | Killed a six-headed hydra
 15143 | Lair:1   | HP: 9/83 [seven-headed hydra (10)]
 15539 | Lair:1   | Noticed Fannar
 15554 | Lair:1   | Killed from afar by Fannar

Illustrated notes

Levels and vault maps discovered:
D:1:      tarquinn_simple_flora_water_a, layout_loops_cross, minmay_pentomino_p2
D:2:      layout_basic, brannock_xom_greatest_gift,
          nicolae_dithmenos_shadow_blocks, minmay_misc_feat_enclosed,
          minmay_misc_feat_secret_circle, uniq_jessica
D:3:      layout_basic, hex_medium, nicolae_ru_awakened_eye, uniq_sigmund
D:4:      layout_cave_pools, uniq_edmund, uniq_menkaure
D:5:      wander_river, layout_basic, nicolae_overflow_crystal_walls,
          lemuel_crystal_altar, hangedman_decor_points, uniq_grinder,
          uniq_eustachio, uniq_blork_the_orc
D:6:      layout_layer_cave, minmay_temple_entry_overgrown, serial_shops,
          nicolae_shop_competitors_out_of_business
D:7:      layout_basic, lemuel_coloured_pillars_altar,
          gammafunk_temple_overflow_wave, minivault_27, uniq_joseph
D:8:      layout_loops_ring, ashenzari_conservatory_becter,
          makhleb_altar_promises_db, gammafunk_ghost_arena, minivault_26,
          hangedman_decor_growths, uniq_prince_ribbit1, uniq_erica
D:9:      layout_rooms, gammafunk_ghost_grave, st_stairs_3,
          hangedman_weighted_door, nicolae_sextant, tgw_trog
D:10:     layout_irregular_city, lair_entry_dummy, eino_tiny_chamber,
          uniq_nergalle
D:11:     layout_cave_pods, hiddenorc1_lemuel, grunt_decor_arrowhead
Lair:1:   beast_lair_carwin_large_3, layout_regular_city, serial_bayou_lagoon_a,
          minmay_lair_oklob_chamber, lemuel_fruit_fields, lemuel_fruit_tree,
          uniq_fannar

Skill      XL: |  1  2  3  4  5  6  7  8  9 10 11 |
---------------+----------------------------------+-----
Ice Magic      | 4 5 6 8 9 10 | 10.7
Spellcasting   | 3 4 5 6 7 8 9 10 | 10.3
Summonings     | 1 2 |  2.0
Fighting       | 3 5 6 |  6.9
Unarmed Combat | 3 5 6 |  6.3
Dodging        | |  1.7
Stealth        | |  1.7

Action                   |  1- 3 |  4- 6 |  7- 9 | 10-12 || total
-------------------------+-------+-------+-------+-------++-------
Melee: Short sword       |    19 |     9 |       |       ||    28
       Unarmed           |     2 |       |       |   318 ||   320
       Trident           |       |    41 |    11 |       ||    52
       Flail             |       |       |   162 |    38 ||   200
       Punch             |       |       |     1 |     7 ||     8
 Fire: Fustibalus        |       |       |       |    21 ||    21
Throw: Dart              |       |     4 |     5 |       ||     9
       Boomerang         |       |       |     8 |       ||     8
 Cast: Freeze            |    42 |    25 |    23 |    16 ||   106
       Frozen Ramparts   |     1 |    12 |    42 |    39 ||    94
       Ozocubu's Armour  |       |     1 |    14 |    16 ||    31
       Summon Ice Beast  |       |       |    44 |    79 ||   123
Invok: Potion Petition   |       |       |       |     4 ||     4
Evoke: Wand              |       |       |       |     3 ||     3
  Use: Potion            |       |     4 |     4 |     1 ||     9
       Scroll            |       |     1 |    15 |     5 ||    21
 Stab: Sleeping          |     1 |     1 |     1 |     2 ||     5
       Distracted        |       |       |       |     3 ||     3
Armor: Robe              |     6 |    16 |    50 |   116 ||   188
       Ring mail         |     2 |       |       |       ||     2
       Scale mail        |       |       |    12 |       ||    12
Dodge: Dodged            |    32 |    47 |   138 |   217 ||   434

Table legend: (Time is in decaauts)
 A = Elapsed time spent in this place.
 B = Non-inter-level travel time spent in this place.
 C = Inter-level travel time spent in this place.
 D = Time resting spent in this place.
 E = Time spent auto-exploring this place.
 F = Levels seen in this place.
 G = Mean time per level.
                   A        B        C        D        E       F      G
               +--------+--------+--------+--------+--------+-----+--------+
         Total |  15692 |  15180 |    512 |   3372 |   8423 |  12 | 1307.7 |
       Dungeon |  15062 |  14550 |    512 |   2999 |   8361 |  11 | 1369.3 |
          Lair |    629 |    629 |      0 |    373 |     62 |   1 |  629.0 |
               +--------+--------+--------+--------+--------+-----+--------+

Top non-repeatable levels by time:
    D:10: 1938 daAuts
     D:3: 1739 daAuts
     D:8: 1582 daAuts
     D:9: 1445 daAuts
    D:11: 1375 daAuts
     D:5: 1308 daAuts
     D:6: 1288 daAuts
     D:4: 1277 daAuts
     D:7: 1161 daAuts
     D:1: 1023 daAuts
     D:2: 923 daAuts
  Lair:1: 629 daAuts
